Washington Capitals vs St.Louis Blues
(R1)
Created - Thursday, May 9, 2024 at 06:59
Goals
|
| Washington Capitals |
0 |
1 |
0 |
1 |
| St.Louis Blues |
0 |
3 |
1 |
4 |
|
Shots
|
| Washington Capitals |
16 |
8 |
13 |
37 |
| St.Louis Blues |
9 |
29 |
10 |
48 |
|
1st period
No Goal
Penalties :
Drake Batherson (WSH) for Holding (Minor) at 5:57, Evander Kane (STL) for Hooking (Minor) at 9:19, Adam Pelech (STL) for Holding (Minor) at 10:37, Yanni Gourde (STL) for Holding (Minor) at 15:10
2nd period
1. St.Louis Blues , Robert Thomas 30 (Elias Pettersson 52) at 0:08
2. St.Louis Blues , Yanni Gourde 13 (Alex Tuch 20) at 4:29
3. St.Louis Blues , Elias Pettersson 42 (Robert Thomas 56) at 6:54 (PP)
4. Washington Capitals , Brayden Point 31 (Alex Ovechkin 29, Jason Robertson 29) at 18:20
Penalties :
David Savard (WSH) for Tripping (Minor) at 6:52, Drake Batherson (WSH) for Interference (Minor) at 9:46, Tage Thompson (STL) for Diving (Minor) at 18:48
3rd period
5. St.Louis Blues , Robert Thomas 31 (Tage Thompson 36, Jack Eichel 28) at 2:42
Penalties :
Jake Guentzel (STL) for High sticking (Minor) at 5:45, Brad Marchand (WSH) for Tripping (Minor) at 9:20
Goalie Stats
Jake Oettinger (WSH), 44 saves from 48 shots - (0.917), L, 22-24-5, 60:00 minutes
Connor Hellebuyck (STL), 36 saves from 37 shots - (0.973), W, 31-12-5, 60:00 minutes
Players Stats for Washington Capitals
Player Name G A P +/- PIM S H SB GA TA FO MP PP MP PK MP
------------------------------------------------------------------------------------
Alex Ovechkin 0 1 1 -2 0 3 0 0 0 0 0/0 22:00 6:06 0:00
Brad Marchand 0 0 0 0 2 2 0 0 1 0 1/1 14:16 0:00 2:17
Brayden Point 1 0 1 -2 0 10 2 0 1 0 18/32 22:00 6:06 0:00
David Savard 0 0 0 -1 2 0 1 0 0 0 0/0 26:00 5:45 3:20
Dominik Kubalik 0 0 0 0 0 1 0 1 0 0 0/0 8:09 0:00 0:47
Drake Batherson 0 0 0 0 4 2 0 0 2 0 0/0 14:57 3:08 0:00
Dylan DeMelo 0 0 0 0 0 0 0 1 0 1 0/0 16:49 3:29 0:00
Erik Johnson 0 0 0 0 0 0 0 2 0 0 0/0 14:21 0:00 2:37
Ian Cole 0 0 0 -1 0 1 0 1 0 2 0/0 18:22 0:00 3:22
Isac Lundestrom 0 0 0 0 0 1 0 0 0 0 2/4 9:28 0:00 1:40
Jason Robertson 0 1 1 -2 0 3 1 0 0 0 1/1 22:00 6:06 0:00
John Carlson 0 0 0 -1 0 1 1 0 1 2 0/0 23:11 5:45 0:00
Jordan Kyrou 0 0 0 0 0 4 1 0 0 0 0/0 9:28 0:00 0:00
Michael Mcleod 0 0 0 0 0 1 2 0 0 1 7/14 12:53 0:00 3:11
Nick Foligno 0 0 0 0 0 0 0 1 0 0 0/0 9:46 0:00 2:21
Nick Jensen 0 0 0 -1 0 1 0 1 0 1 0/0 21:16 3:29 2:39
Nico Hischier 0 0 0 0 0 1 3 0 0 1 8/20 16:25 3:08 1:42
Owen Tippett 0 0 0 0 0 6 2 0 1 0 0/0 12:36 3:08 0:00
Players Stats for St.Louis Blues
Player Name G A P +/- PIM S H SB GA TA FO MP PP MP PK MP
------------------------------------------------------------------------------------
Adam Pelech 0 0 0 1 2 3 0 0 0 0 0/0 12:48 0:00 3:10
Alex Pietrangelo 0 0 0 2 0 5 0 0 1 0 0/0 21:42 2:23 0:00
Alex Tuch 0 1 1 1 0 2 0 0 0 0 0/0 9:26 2:23 0:00
Andrew Copp 0 0 0 0 0 6 2 0 0 0 0/2 14:30 0:00 4:05
Colton Parayko 0 0 0 2 0 0 1 2 0 1 0/0 23:37 0:00 5:16
Elias Pettersson 1 1 2 1 0 8 1 1 1 1 1/1 20:02 3:04 1:30
Evander Kane 0 0 0 1 2 0 2 0 0 0 0/0 10:06 2:55 0:12
Jack Eichel 0 1 1 0 0 3 3 1 2 1 6/12 14:48 2:55 0:00
Jake Guentzel 0 0 0 0 2 2 3 2 0 0 0/0 15:01 3:04 0:00
Jake Sanderson 0 0 0 -1 0 0 2 2 0 1 0/0 20:46 0:00 5:12
Lawson Crouse 0 0 0 0 0 2 0 0 2 0 0/1 14:30 0:00 4:05
Mark Stone 0 0 0 0 0 0 1 1 1 0 0/0 14:48 2:55 0:00
Mikhail Sergachev 0 0 0 -1 0 0 3 0 0 0 0/0 20:35 3:36 0:12
Nick Leddy 0 0 0 1 0 0 0 2 0 0 0/0 14:14 0:00 4:37
Nico Sturm 0 0 0 0 0 1 2 1 0 1 8/17 14:37 0:00 4:21
Robert Thomas 2 1 3 1 0 9 1 2 1 0 16/30 18:31 3:04 0:00
Tage Thompson 0 1 1 1 2 4 3 0 0 0 2/2 19:16 3:36 0:00
Yanni Gourde 1 0 1 1 2 3 2 0 0 1 2/7 10:43 0:00 3:34
3 Stars
1 - Robert Thomas (STL)
2 - Connor Hellebuyck (STL)
3 - Elias Pettersson (STL)
Power Play
Washington Capitals - 0 on 5 Attempt(s) - 0.00%
St.Louis Blues - 1 on 4 Attempt(s) - 25.00%
Penalty Kill
Washington Capitals - 3 on 4 Attempt(s) - 75.00%
- Score 0 goal in Penalty Kill
St.Louis Blues - 5 on 5 Attempt(s) - 100.00%
- Score 0 goal in Penalty Kill
Team Stat
Washington Capitals - Hits : 13 - Faceoff Wins : 37 - Blocked Shots : 7 - Penalty Minutes : 8
St.Louis Blues - Hits : 26 - Faceoff Wins : 35 - Blocked Shots : 14 - Penalty Minutes : 10
Official
Referees : Brad Watson and Mark Lemelin
Linesman : Darren Gibbs and John Grandt
Game Notes
No Game Note
Finance
Level 1 -- Attendance: 4998 (83.30%) -- Ticket Income $484,806
Level 2 -- Attendance: 4084 (81.68%) -- Ticket Income $232,788
Level 3 -- Attendance: 2294 (76.47%) -- Ticket Income $77,996
Level 4 -- Attendance: 4479 (89.58%) -- Ticket Income $103,017
Luxury Box -- Attendance: 909 (90.90%) -- Ticket Income $176,346
Game was played at the Scottrade Center.
Total Attendance: 16764 (83.82%)
Total Ticket Income: $1,074,953
Other Income: $376,234
Total Income: $1,451,187
Washington Capitals
5 vs 5 Forward
Center Left Wing Right Wing Time % Phy DF OF
1 Brayden Point Alex Ovechkin Jason Robertson 40 1 1 3
2 Nico Hischier Brad Marchand Drake Batherson 30 1 1 3
3 Michael Mcleod Owen Tippett Jordan Kyrou 20 1 1 3
4 Isac Lundestrom Nick Foligno Dominik Kubalik 10 1 1 3
5 vs 5 Defense
Defense Defense Time % Phy DF OF
1 John Carlson David Savard 37 2 3 0
2 Nick Jensen Ian Cole 35 2 3 0
3 Dylan DeMelo Erik Johnson 28 2 3 0
4 John Carlson Ian Cole 0 2 3 0
PowerPlay Forward
Center Left Wing Right Wing Time % Phy DF OF
1 Brayden Point Alex Ovechkin Jason Robertson 60 1 2 2
2 Nico Hischier Owen Tippett Drake Batherson 40 1 2 2
PowerPlay Defense
Defense Defense Time % Phy DF OF
1 David Savard John Carlson 60 1 2 2
2 Dylan DeMelo Nick Jensen 40 1 2 2
Penalty Kill 4 Players Forward
Center Wing Time % Phy DF OF
1 Michael Mcleod Brad Marchand 60 1 2 2
2 Isac Lundestrom Nick Foligno 40 1 2 2
Penalty Kill 4 Players Defense
Defense Defense Time % Phy DF OF
1 David Savard Ian Cole 60 1 2 2
2 Erik Johnson Nick Jensen 40 1 2 2
Penalty Kill - 3 Players Forward
Forward Time % Phy DF OF
1 Michael Mcleod 60 1 2 2
2 Isac Lundestrom 40 1 2 2
Penalty Kill - 3 Players Defense
Defense Defense Time % Phy DF OF
1 David Savard Ian Cole 60 1 2 2
2 Erik Johnson Nick Jensen 40 1 2 2
4 vs 4 Forward
Center Wing Time % Phy DF OF
1 Brayden Point Alex Ovechkin 60 1 2 2
2 Nico Hischier Jason Robertson 40 1 2 2
4 vs 4 Defense
Defense Defense Time % Phy DF OF
1 David Savard John Carlson 60 1 2 2
2 Dylan DeMelo Nick Jensen 40 1 2 2
Last Minutes Offensive
Center Left Wing Right Wing Defense Defense
Brayden Point Alex Ovechkin Jason Robertson David Savard John Carlson
Last Minutes Defensive
Center Left Wing Right Wing Defense Defense
Nico Hischier Brad Marchand Nick Foligno Nick Jensen Ian Cole
Goaltenders
Starting : Jake Oettinger
Backup : Sergei Bobrovsky
Extra Forwards
Normal : Jordan Kyrou, Drake Batherson, Dominik Kubalik - PP : Owen Tippett, Brayden Point - PK : Nico Hischier
Extra Defensemen
Normal : Nick Jensen, Dylan DeMelo, Ian Cole - PP : John Carlson - PK : Nick Jensen, Dylan DeMelo
Penalty Shots
Jason Robertson, Drake Batherson, Brayden Point, Alex Ovechkin, David Savard
St.Louis Blues
5 vs 5 Forward
Center Left Wing Right Wing Time % Phy DF OF
1 Robert Thomas Elias Pettersson Tage Thompson 40 0 2 3
2 Jack Eichel Jake Guentzel Mark Stone 30 0 2 3
3 Yanni Gourde Alex Tuch Evander Kane 20 1 2 2
4 Nico Sturm Andrew Copp Lawson Crouse 10 1 3 1
5 vs 5 Defense
Defense Defense Time % Phy DF OF
1 Colton Parayko Alex Pietrangelo 45 1 2 2
2 Jake Sanderson Mikhail Sergachev 35 1 2 2
3 Nick Leddy Adam Pelech 20 1 2 2
4 Alex Pietrangelo Mikhail Sergachev 0 1 2 2
PowerPlay Forward
Center Left Wing Right Wing Time % Phy DF OF
1 Robert Thomas Elias Pettersson Jake Guentzel 60 1 0 4
2 Jack Eichel Evander Kane Mark Stone 40 1 0 4
PowerPlay Defense
Defense Defense Time % Phy DF OF
1 Tage Thompson Mikhail Sergachev 60 0 1 4
2 Alex Tuch Alex Pietrangelo 40 0 1 4
Penalty Kill 4 Players Forward
Center Wing Time % Phy DF OF
1 Nico Sturm Yanni Gourde 50 1 4 0
2 Andrew Copp Lawson Crouse 50 1 4 0
Penalty Kill 4 Players Defense
Defense Defense Time % Phy DF OF
1 Jake Sanderson Colton Parayko 50 1 4 0
2 Nick Leddy Adam Pelech 50 1 4 0
Penalty Kill - 3 Players Forward
Forward Time % Phy DF OF
1 Nico Sturm 50 0 5 0
2 Yanni Gourde 50 0 5 0
Penalty Kill - 3 Players Defense
Defense Defense Time % Phy DF OF
1 Jake Sanderson Colton Parayko 50 0 5 0
2 Adam Pelech Nick Leddy 50 0 5 0
4 vs 4 Forward
Center Wing Time % Phy DF OF
1 Robert Thomas Elias Pettersson 50 0 2 3
2 Jack Eichel Mark Stone 50 0 2 3
4 vs 4 Defense
Defense Defense Time % Phy DF OF
1 Alex Pietrangelo Colton Parayko 50 1 2 2
2 Mikhail Sergachev Jake Sanderson 50 1 2 2
Last Minutes Offensive
Center Left Wing Right Wing Defense Defense
Robert Thomas Elias Pettersson Jake Guentzel Tage Thompson Mikhail Sergachev
Last Minutes Defensive
Center Left Wing Right Wing Defense Defense
Nico Sturm Yanni Gourde Lawson Crouse Alex Pietrangelo Colton Parayko
Goaltenders
Starting : Connor Hellebuyck
Backup : Scott Wedgewood
Extra Forwards
Normal : Jack Eichel, Elias Pettersson, Lawson Crouse - PP : Jack Eichel, Elias Pettersson - PK : Elias Pettersson
Extra Defensemen
Normal : Jake Sanderson, Nick Leddy, Colton Parayko - PP : Nick Leddy - PK : Jake Sanderson, Colton Parayko
Penalty Shots
Elias Pettersson, Tage Thompson, Jack Eichel, Alex Tuch, Robert Thomas
% Time on Ice - Washington Capitals
Lines # - Real PCT - Wanted PCT - Time Play
Normal Forward
1 - 37% - 40% - 16:21
2 - 26% - 30% - 11:36
3 - 21% - 20% - 9:28
4 - 16% - 10% - 7:22
Normal Defense
1 - 34% - 37% - 15:14
2 - 34% - 35% - 15:08
3 - 27% - 28% - 12:11
4 - 5% - 0% - 2:14
PP Forward
1 - 66% - 60% - 6:06
2 - 34% - 40% - 3:08
PP Defense
1 - 62% - 60% - 5:45
2 - 38% - 40% - 3:29
PK Forward
1 - 79% - 60% - 4:44
2 - 21% - 40% - 1:15
PK Defense
1 - 56% - 60% - 3:22
2 - 44% - 40% - 2:37
PK3 Forward
1 - 0% - 60%
2 - 0% - 40%
PK3 Defense
1 - 0% - 60%
2 - 0% - 40%
44 Forward
1 - 0% - 60%
2 - 0% - 40%
44 Defense
1 - 0% - 60%
2 - 0% - 40%
Last Minute Offensive - 0:00
Last Minute Defensive - 0:00
Total
Forward - 60:00
Defense - 60:00
|
% Time on Ice - St.Louis Blues
Lines # - Real PCT - Wanted PCT - Time Play
Normal Forward
1 - 35% - 40% - 15:28
2 - 27% - 30% - 12:02
3 - 16% - 20% - 7:01
4 - 23% - 10% - 10:16
Normal Defense
1 - 42% - 45% - 18:38
2 - 35% - 35% - 15:29
3 - 21% - 20% - 9:11
4 - 3% - 0% - 1:29
PP Forward
1 - 51% - 60% - 3:04
2 - 49% - 40% - 2:55
PP Defense
1 - 60% - 60% - 3:36
2 - 40% - 40% - 2:23
PK Forward
1 - 50% - 50% - 4:16
2 - 50% - 50% - 4:17
PK Defense
1 - 50% - 50% - 4:19
2 - 50% - 50% - 4:14
PK3 Forward
1 - 51% - 50% - 0:21
2 - 49% - 50% - 0:20
PK3 Defense
1 - 15% - 50% - 0:06
2 - 85% - 50% - 0:35
44 Forward
1 - 0% - 50%
2 - 0% - 50%
44 Defense
1 - 0% - 50%
2 - 0% - 50%
Last Minute Offensive - 0:00
Last Minute Defensive - 0:00
Total
Forward - 60:00
Defense - 60:00
|
Play-by-Play
1st period
0:01 of 1st period - Brayden Point wins face-off versus Robert Thomas in neutral zone.
0:26 of 1st period - Mark Stone is hit by Nico Hischier and loses puck.
0:35 of 1st period - Slapshot by Brad Marchand.
0:35 of 1st period - Shot Misses the Net.
0:57 of 1st period - Backhand shot by Jordan Kyrou.
0:57 of 1st period - Stopped by Connor Hellebuyck without a rebound.
0:58 of 1st period - Nico Sturm wins face-off versus Isac Lundestrom in St.Louis Blues zone.
2:39 of 1st period - Snap shot by Tage Thompson.
2:39 of 1st period - Stopped by Jake Oettinger with a rebound.
2:41 of 1st period - Slapshot by Adam Pelech.
2:41 of 1st period - Stopped by Jake Oettinger without a rebound.
2:42 of 1st period - Jack Eichel wins face-off versus Nico Hischier in Washington Capitals zone.
2:47 of 1st period - Snap shot by Mark Stone.
2:47 of 1st period - Shot Misses the Net.
2:49 of 1st period - Wrist shot by Mark Stone.
2:49 of 1st period - Shot Misses the Net.
2:51 of 1st period - Slapshot by Adam Pelech.
2:51 of 1st period - Stopped by Jake Oettinger without a rebound.
2:52 of 1st period - Brad Marchand wins face-off versus Jack Eichel in Washington Capitals zone.
3:01 of 1st period - Snap shot by Nico Hischier.
3:01 of 1st period - Shot Misses the Net.
3:25 of 1st period - Wrist shot by Jack Eichel.
3:25 of 1st period - Stopped by Jake Oettinger without a rebound.
3:26 of 1st period - Michael Mcleod wins face-off versus Robert Thomas in Washington Capitals zone.
3:33 of 1st period - Wrist shot by Owen Tippett.
3:33 of 1st period - Stopped by Connor Hellebuyck with a rebound.
3:39 of 1st period - Wrist shot by Jordan Kyrou.
3:39 of 1st period - Stopped by Connor Hellebuyck without a rebound.
3:40 of 1st period - Robert Thomas wins face-off versus Michael Mcleod in St.Louis Blues zone.
3:55 of 1st period - Elias Pettersson is hit by Michael Mcleod and loses puck.
4:06 of 1st period - David Savard is hit by Evander Kane and loses puck.
4:38 of 1st period - Snap shot by Jack Eichel.
4:38 of 1st period - Stopped by Jake Oettinger with a rebound.
5:12 of 1st period - Wrist shot by Dominik Kubalik.
5:12 of 1st period - Shot Misses the Net.
5:14 of 1st period - Slapshot by Nick Jensen.
5:14 of 1st period - Stopped by Connor Hellebuyck with a rebound.
5:16 of 1st period - Slapshot by Nick Jensen.
5:16 of 1st period - Deflect By Dominik Kubalik.
5:16 of 1st period - Shot Blocked by Colton Parayko.
5:16 of 1st period - Puck is out of play.
5:17 of 1st period - Robert Thomas wins face-off versus Brayden Point in St.Louis Blues zone.
5:17 of 1st period - Robert Thomas is hit by John Carlson.
5:52 of 1st period - Snap shot by Alex Tuch.
5:52 of 1st period - Stopped by Jake Oettinger without a rebound.
5:53 of 1st period - Nico Hischier wins face-off versus Yanni Gourde in Washington Capitals zone.
5:57 of 1st period - Minor Penalty to Drake Batherson for Holding.
5:58 of 1st period - Michael Mcleod wins face-off versus Robert Thomas in Washington Capitals zone.
7:38 of 1st period - Icing by Mark Stone.
7:39 of 1st period - Robert Thomas wins face-off versus Michael Mcleod in St.Louis Blues zone.
7:57 of 1st period - Penalty to Drake Batherson is over, Drake Batherson is back on ice.
8:00 of 1st period - Icing by Nick Jensen.
8:01 of 1st period - Brayden Point wins face-off versus Lawson Crouse in Washington Capitals zone.
8:50 of 1st period - Jake Guentzel is hit by Michael Mcleod and loses puck.
9:11 of 1st period - Nick Jensen is hit by Evander Kane and loses puck.
9:19 of 1st period - Minor Penalty to Evander Kane for Hooking.
9:20 of 1st period - Nico Sturm wins face-off versus Brayden Point in St.Louis Blues zone.
9:30 of 1st period - Icing by Brayden Point.
9:31 of 1st period - Brayden Point wins face-off versus Andrew Copp in Washington Capitals zone.
9:31 of 1st period - Brayden Point is hit by Andrew Copp.
10:05 of 1st period - Lawson Crouse is hit by Brayden Point and loses puck.
10:12 of 1st period - Snap shot by Jason Robertson.
10:12 of 1st period - Shot Misses the Net.
10:14 of 1st period - Slapshot by Dylan DeMelo.
10:14 of 1st period - Shot Misses the Net.
10:16 of 1st period - Snap shot by Alex Ovechkin.
10:16 of 1st period - Stopped by Connor Hellebuyck with a rebound.
10:18 of 1st period - Wrist shot by Jason Robertson.
10:18 of 1st period - Shot Misses the Net.
10:24 of 1st period - Snap shot by Jason Robertson.
10:24 of 1st period - Shot Misses the Net.
10:26 of 1st period - Slapshot by John Carlson.
10:26 of 1st period - Shot Blocked by Colton Parayko.
10:28 of 1st period - Wrist shot by Brayden Point.
10:28 of 1st period - Stopped by Connor Hellebuyck without a rebound.
10:29 of 1st period - Nico Hischier wins face-off versus Nico Sturm in St.Louis Blues zone.
10:37 of 1st period - Minor Penalty to Adam Pelech for Holding.
10:38 of 1st period - Nico Sturm wins face-off versus Nico Hischier in St.Louis Blues zone.
11:08 of 1st period - Snap shot by Brayden Point.
11:08 of 1st period - Shot Blocked by Nico Sturm.
11:10 of 1st period - Wrist shot by Alex Ovechkin.
11:10 of 1st period - Stopped by Connor Hellebuyck with a rebound.
11:12 of 1st period - Slapshot by Jason Robertson.
11:12 of 1st period - Stopped by Connor Hellebuyck without a rebound.
11:13 of 1st period - Brayden Point wins face-off versus Yanni Gourde in St.Louis Blues zone.
11:19 of 1st period - Penalty to Evander Kane is over, Evander Kane is back on ice.
12:07 of 1st period - Nico Sturm is hit by Owen Tippett and loses puck.
12:37 of 1st period - Penalty to Adam Pelech is over, Adam Pelech is back on ice.
13:13 of 1st period - Dylan DeMelo is hit by Mikhail Sergachev and loses puck.
13:28 of 1st period - Dylan DeMelo is hit by Nico Sturm and loses puck.
13:43 of 1st period - Wrist shot by Owen Tippett.
13:43 of 1st period - Stopped by Connor Hellebuyck with a rebound.
13:45 of 1st period - Slapshot by Jordan Kyrou.
13:45 of 1st period - Stopped by Connor Hellebuyck without a rebound.
13:46 of 1st period - Brayden Point wins face-off versus Robert Thomas in St.Louis Blues zone.
13:49 of 1st period - Wrist shot by Brayden Point.
13:49 of 1st period - Stopped by Connor Hellebuyck with a rebound.
14:01 of 1st period - Snap shot by Elias Pettersson.
14:01 of 1st period - Stopped by Jake Oettinger without a rebound.
14:02 of 1st period - Jack Eichel wins face-off versus Nico Hischier in Washington Capitals zone.
15:10 of 1st period - Minor Penalty to Yanni Gourde for Holding.
15:11 of 1st period - Brayden Point wins face-off versus Nico Sturm in St.Louis Blues zone.
15:18 of 1st period - Snap shot by Jason Robertson.
15:18 of 1st period - Shot Blocked by Elias Pettersson.
15:24 of 1st period - Slapshot by Elias Pettersson.
15:24 of 1st period - Stopped by Jake Oettinger with a rebound.
15:26 of 1st period - Slapshot by Nick Leddy.
15:26 of 1st period - Shot Blocked by Dylan DeMelo.
15:28 of 1st period - Slapshot by Nico Sturm.
15:28 of 1st period - Stopped by Jake Oettinger without a rebound.
15:29 of 1st period - Nico Sturm wins face-off versus Nico Hischier in Washington Capitals zone.
15:40 of 1st period - Owen Tippett is hit by Elias Pettersson and loses puck.
16:29 of 1st period - Wrist shot by Drake Batherson.
16:29 of 1st period - Shot Blocked by Nick Leddy.
16:31 of 1st period - Wrist shot by Owen Tippett.
16:31 of 1st period - Stopped by Connor Hellebuyck without a rebound.
16:32 of 1st period - Nico Hischier wins face-off versus Nico Sturm in St.Louis Blues zone.
16:39 of 1st period - Snap shot by Nico Hischier.
16:39 of 1st period - Stopped by Connor Hellebuyck with a rebound.
16:50 of 1st period - Icing by Alex Ovechkin.
16:51 of 1st period - Brayden Point wins face-off versus Andrew Copp in Washington Capitals zone.
17:10 of 1st period - Penalty to Yanni Gourde is over, Yanni Gourde is back on ice.
18:06 of 1st period - Isac Lundestrom is hit by Yanni Gourde and loses puck.
18:53 of 1st period - Brad Marchand is hit by Tage Thompson and loses puck.
19:02 of 1st period - Snap shot by Drake Batherson.
19:02 of 1st period - Stopped by Connor Hellebuyck without a rebound.
19:03 of 1st period - Jack Eichel wins face-off versus Michael Mcleod in St.Louis Blues zone.
19:08 of 1st period - Wrist shot by Jordan Kyrou.
19:08 of 1st period - Shot Blocked by Jake Guentzel.
19:10 of 1st period - Snap shot by Jordan Kyrou.
19:10 of 1st period - Shot Blocked by Jake Guentzel.
19:12 of 1st period - Wrist shot by Michael Mcleod.
19:12 of 1st period - Stopped by Connor Hellebuyck without a rebound.
19:13 of 1st period - Jack Eichel wins face-off versus Michael Mcleod in St.Louis Blues zone.
19:29 of 1st period - Snap shot by Jordan Kyrou.
19:29 of 1st period - Shot Misses the Net.
19:31 of 1st period - Slapshot by Ian Cole.
19:31 of 1st period - Shot Misses the Net.
19:33 of 1st period - Wrist shot by Ian Cole.
19:33 of 1st period - Stopped by Connor Hellebuyck without a rebound.
19:34 of 1st period - Robert Thomas wins face-off versus Brayden Point in St.Louis Blues zone.
Goals for this period are 0 for Washington Capitals vs 0 for St.Louis Blues.
Shots for this period are 16 for Washington Capitals vs 9 for St.Louis Blues.
2nd period
0:01 of 2nd period - Robert Thomas wins face-off versus Brayden Point in neutral zone.
0:08 of 2nd period - Slapshot by Robert Thomas.
0:08 of 2nd period - Goal by Robert Thomas - Washington Capitals : 0 - St.Louis Blues : 1.
0:09 of 2nd period - Tage Thompson wins face-off versus Brayden Point in neutral zone.
1:22 of 2nd period - Nick Jensen is hit by Andrew Copp and loses puck.
2:35 of 2nd period - Wrist shot by Andrew Copp.
2:35 of 2nd period - Stopped by Jake Oettinger with a rebound.
2:41 of 2nd period - Snap shot by Andrew Copp.
2:41 of 2nd period - Shot Misses the Net.
2:43 of 2nd period - Snap shot by Lawson Crouse.
2:43 of 2nd period - Shot Blocked by Erik Johnson.
2:45 of 2nd period - Slapshot by Lawson Crouse.
2:45 of 2nd period - Stopped by Jake Oettinger without a rebound.
2:46 of 2nd period - Brayden Point wins face-off versus Robert Thomas in Washington Capitals zone.
2:57 of 2nd period - Robert Thomas is hit by Brayden Point and loses puck.
3:12 of 2nd period - Jack Eichel is hit by Nico Hischier and loses puck.
3:39 of 2nd period - Wrist shot by Evander Kane.
3:39 of 2nd period - Shot Blocked by Dominik Kubalik.
3:41 of 2nd period - Wrist shot by Yanni Gourde.
3:41 of 2nd period - Stopped by Jake Oettinger with a rebound.
3:43 of 2nd period - Slapshot by Jake Sanderson.
3:43 of 2nd period - Shot Misses the Net.
4:15 of 2nd period - Snap shot by Jake Guentzel.
4:15 of 2nd period - Stopped by Jake Oettinger without a rebound.
4:16 of 2nd period - Yanni Gourde wins face-off versus Michael Mcleod in Washington Capitals zone.
4:21 of 2nd period - Wrist shot by Yanni Gourde.
4:21 of 2nd period - Stopped by Jake Oettinger without a rebound.
4:22 of 2nd period - Yanni Gourde wins face-off versus Brayden Point in Washington Capitals zone.
4:29 of 2nd period - Snap shot by Yanni Gourde.
4:29 of 2nd period - Goal by Yanni Gourde - Washington Capitals : 0 - St.Louis Blues : 2.
4:30 of 2nd period - Brayden Point wins face-off versus Robert Thomas in neutral zone.
4:39 of 2nd period - Brayden Point is hit by Tage Thompson and loses puck.
4:48 of 2nd period - Brayden Point is hit by Jake Sanderson and loses puck.
6:01 of 2nd period - Snap shot by Robert Thomas.
6:01 of 2nd period - Stopped by Jake Oettinger with a rebound.
6:03 of 2nd period - Slapshot by Robert Thomas.
6:03 of 2nd period - Shot Blocked by Ian Cole.
6:05 of 2nd period - Slapshot by Nick Leddy.
6:05 of 2nd period - Shot Misses the Net.
6:07 of 2nd period - Snap shot by Robert Thomas.
6:07 of 2nd period - Stopped by Jake Oettinger with a rebound.
6:09 of 2nd period - Slapshot by Robert Thomas.
6:09 of 2nd period - Stopped by Jake Oettinger without a rebound.
6:10 of 2nd period - Robert Thomas wins face-off versus Brayden Point in Washington Capitals zone.
6:21 of 2nd period - Snap shot by Robert Thomas.
6:21 of 2nd period - Stopped by Jake Oettinger without a rebound.
6:22 of 2nd period - Robert Thomas wins face-off versus Brayden Point in Washington Capitals zone.
6:25 of 2nd period - Snap shot by Elias Pettersson.
6:25 of 2nd period - Shot Misses the Net.
6:35 of 2nd period - Snap shot by Jason Robertson.
6:35 of 2nd period - Shot Blocked by Robert Thomas.
6:37 of 2nd period - Snap shot by Brayden Point.
6:37 of 2nd period - Shot Blocked by Jake Sanderson.
6:39 of 2nd period - Slapshot by Dylan DeMelo.
6:39 of 2nd period - Shot Blocked by Jake Sanderson.
6:49 of 2nd period - Slapshot by Owen Tippett.
6:49 of 2nd period - Stopped by Connor Hellebuyck with a rebound.
6:52 of 2nd period - Minor Penalty to David Savard for Tripping.
6:53 of 2nd period - Robert Thomas wins face-off versus Michael Mcleod in Washington Capitals zone.
6:54 of 2nd period - Wrist shot by Elias Pettersson.
6:54 of 2nd period - Goal by Elias Pettersson - Washington Capitals : 0 - St.Louis Blues : 3.
6:55 of 2nd period - Robert Thomas wins face-off versus Brayden Point in neutral zone.
7:43 of 2nd period - Icing by Mikhail Sergachev.
7:44 of 2nd period - Michael Mcleod wins face-off versus Yanni Gourde in St.Louis Blues zone.
7:47 of 2nd period - Slapshot by Jordan Kyrou.
7:47 of 2nd period - Stopped by Connor Hellebuyck with a rebound.
8:18 of 2nd period - Wrist shot by Owen Tippett.
8:18 of 2nd period - Stopped by Connor Hellebuyck with a rebound.
8:32 of 2nd period - Snap shot by Lawson Crouse.
8:32 of 2nd period - Stopped by Jake Oettinger with a rebound.
8:34 of 2nd period - Wrist shot by Andrew Copp.
8:34 of 2nd period - Stopped by Jake Oettinger with a rebound.
8:36 of 2nd period - Slapshot by Lawson Crouse.
8:36 of 2nd period - Shot Misses the Net.
8:38 of 2nd period - Wrist shot by Lawson Crouse.
8:38 of 2nd period - Deflect By Nico Sturm.
8:38 of 2nd period - Shot Misses the Net.
8:38 of 2nd period - Puck is out of play.
8:39 of 2nd period - Nico Sturm wins face-off versus Brayden Point in Washington Capitals zone.
8:50 of 2nd period - Wrist shot by Andrew Copp.
8:50 of 2nd period - Stopped by Jake Oettinger with a rebound.
8:56 of 2nd period - Slapshot by Nico Sturm.
8:56 of 2nd period - Shot Misses the Net.
8:58 of 2nd period - Slapshot by Alex Pietrangelo.
8:58 of 2nd period - Shot Misses the Net.
9:00 of 2nd period - Wrist shot by Alex Pietrangelo.
9:00 of 2nd period - Stopped by Jake Oettinger without a rebound.
9:01 of 2nd period - Nico Hischier wins face-off versus Robert Thomas in Washington Capitals zone.
9:41 of 2nd period - Snap shot by Jake Guentzel.
9:41 of 2nd period - Stopped by Jake Oettinger with a rebound.
9:43 of 2nd period - Wrist shot by Jack Eichel.
9:43 of 2nd period - Stopped by Jake Oettinger without a rebound.
9:44 of 2nd period - Nico Hischier wins face-off versus Yanni Gourde in Washington Capitals zone.
9:46 of 2nd period - Minor Penalty to Drake Batherson for Interference.
9:47 of 2nd period - Michael Mcleod wins face-off versus Robert Thomas in Washington Capitals zone.
9:57 of 2nd period - Snap shot by Elias Pettersson.
9:57 of 2nd period - Stopped by Jake Oettinger with a rebound.
10:03 of 2nd period - Wrist shot by Robert Thomas.
10:03 of 2nd period - Stopped by Jake Oettinger without a rebound.
10:04 of 2nd period - Michael Mcleod wins face-off versus Robert Thomas in Washington Capitals zone.
10:04 of 2nd period - Michael Mcleod is hit by Jake Guentzel.
11:02 of 2nd period - Brad Marchand is hit by Jake Guentzel and loses puck.
11:46 of 2nd period - Penalty to Drake Batherson is over, Drake Batherson is back on ice.
11:58 of 2nd period - Off-side.
11:59 of 2nd period - Nico Sturm wins face-off versus Brayden Point in neutral zone.
12:43 of 2nd period - Wrist shot by Nico Sturm.
12:43 of 2nd period - Shot Blocked by Erik Johnson.
12:45 of 2nd period - Snap shot by Andrew Copp.
12:45 of 2nd period - Stopped by Jake Oettinger with a rebound.
13:05 of 2nd period - Brayden Point is hit by Nico Sturm and loses puck.
13:30 of 2nd period - Wrist shot by Brayden Point.
13:30 of 2nd period - Stopped by Connor Hellebuyck with a rebound.
14:08 of 2nd period - Slapshot by Andrew Copp.
14:08 of 2nd period - Stopped by Jake Oettinger without a rebound.
14:09 of 2nd period - Robert Thomas wins face-off versus Nico Hischier in Washington Capitals zone.
14:38 of 2nd period - Snap shot by Alex Tuch.
14:38 of 2nd period - Stopped by Jake Oettinger without a rebound.
14:39 of 2nd period - Michael Mcleod wins face-off versus Yanni Gourde in Washington Capitals zone.
15:06 of 2nd period - Nick Foligno is hit by Robert Thomas and loses puck.
15:11 of 2nd period - Wrist shot by Robert Thomas.
15:11 of 2nd period - Shot Blocked by Nick Foligno.
15:13 of 2nd period - Wrist shot by Tage Thompson.
15:13 of 2nd period - Shot Blocked by Nick Jensen.
15:15 of 2nd period - Slapshot by Adam Pelech.
15:15 of 2nd period - Stopped by Jake Oettinger with a rebound.
15:17 of 2nd period - Wrist shot by Elias Pettersson.
15:17 of 2nd period - Stopped by Jake Oettinger without a rebound.
15:18 of 2nd period - Jack Eichel wins face-off versus Nico Hischier in Washington Capitals zone.
15:23 of 2nd period - Icing by David Savard.
15:24 of 2nd period - Nico Hischier wins face-off versus Jack Eichel in Washington Capitals zone.
15:53 of 2nd period - Off-side.
15:54 of 2nd period - Michael Mcleod wins face-off versus Robert Thomas in neutral zone.
15:59 of 2nd period - Elias Pettersson is hit by Jordan Kyrou.
16:06 of 2nd period - Off-side.
16:07 of 2nd period - Robert Thomas wins face-off versus Nico Hischier in neutral zone.
16:12 of 2nd period - Snap shot by Alex Pietrangelo.
16:12 of 2nd period - Stopped by Jake Oettinger with a rebound.
16:14 of 2nd period - Slapshot by Alex Pietrangelo.
16:14 of 2nd period - Deflect By Drake Batherson.
16:14 of 2nd period - Stopped by Jake Oettinger with a rebound.
16:18 of 2nd period - Wrist shot by Tage Thompson.
16:18 of 2nd period - Stopped by Jake Oettinger without a rebound.
16:19 of 2nd period - Robert Thomas wins face-off versus Nico Hischier in Washington Capitals zone.
16:30 of 2nd period - Alex Pietrangelo is hit by David Savard and loses puck.
17:54 of 2nd period - Slapshot by Andrew Copp.
17:54 of 2nd period - Stopped by Jake Oettinger without a rebound.
17:55 of 2nd period - Nico Sturm wins face-off versus Nico Hischier in Washington Capitals zone.
18:14 of 2nd period - Slapshot by Drake Batherson.
18:14 of 2nd period - Stopped by Connor Hellebuyck without a rebound.
18:15 of 2nd period - Brayden Point wins face-off versus Robert Thomas in St.Louis Blues zone.
18:18 of 2nd period - Snap shot by Alex Ovechkin.
18:18 of 2nd period - Shot Misses the Net.
18:20 of 2nd period - Wrist shot by Brayden Point.
18:20 of 2nd period - Goal by Brayden Point - Washington Capitals : 1 - St.Louis Blues : 3.
18:21 of 2nd period - Brayden Point wins face-off versus Robert Thomas in neutral zone.
18:29 of 2nd period - Icing by Alex Pietrangelo.
18:30 of 2nd period - Robert Thomas wins face-off versus Brayden Point in St.Louis Blues zone.
18:30 of 2nd period - Robert Thomas is hit by Jason Robertson.
18:48 of 2nd period - Minor Penalty to Tage Thompson for Diving.
18:49 of 2nd period - Brayden Point wins face-off versus Nico Sturm in St.Louis Blues zone.
18:55 of 2nd period - Snap shot by Jason Robertson.
18:55 of 2nd period - Deflect By Alex Ovechkin.
18:55 of 2nd period - Stopped by Connor Hellebuyck without a rebound.
18:56 of 2nd period - Brayden Point wins face-off versus Nico Sturm in St.Louis Blues zone.
19:25 of 2nd period - Snap shot by Brayden Point.
19:25 of 2nd period - Stopped by Connor Hellebuyck with a rebound.
Goals for this period are 1 for Washington Capitals vs 3 for St.Louis Blues.
Shots for this period are 8 for Washington Capitals vs 29 for St.Louis Blues.
3rd period
0:01 of 3rd period - Jason Robertson wins face-off versus Nico Sturm in neutral zone.
0:48 of 3rd period - Penalty to Tage Thompson is over, Tage Thompson is back on ice.
0:53 of 3rd period - Icing by Tage Thompson.
0:54 of 3rd period - Isac Lundestrom wins face-off versus Jack Eichel in St.Louis Blues zone.
0:59 of 3rd period - Snap shot by Dominik Kubalik.
0:59 of 3rd period - Shot Misses the Net.
1:07 of 3rd period - Isac Lundestrom is hit by Jack Eichel and loses puck.
1:30 of 3rd period - Wrist shot by Tage Thompson.
1:30 of 3rd period - Stopped by Jake Oettinger without a rebound.
1:31 of 3rd period - Jack Eichel wins face-off versus Nico Hischier in Washington Capitals zone.
1:58 of 3rd period - Jason Robertson is hit by Mikhail Sergachev and loses puck.
2:09 of 3rd period - Wrist shot by Brayden Point.
2:09 of 3rd period - Stopped by Connor Hellebuyck without a rebound.
2:10 of 3rd period - Nico Hischier wins face-off versus Jack Eichel in St.Louis Blues zone.
2:42 of 3rd period - Wrist shot by Robert Thomas.
2:42 of 3rd period - Goal by Robert Thomas - Washington Capitals : 1 - St.Louis Blues : 4.
2:43 of 3rd period - Robert Thomas wins face-off versus Brayden Point in neutral zone.
3:25 of 3rd period - Nico Hischier is hit by Jack Eichel.
3:58 of 3rd period - Slapshot by Dominik Kubalik.
3:58 of 3rd period - Stopped by Connor Hellebuyck with a rebound.
4:00 of 3rd period - Slapshot by Isac Lundestrom.
4:00 of 3rd period - Stopped by Connor Hellebuyck without a rebound.
4:01 of 3rd period - Isac Lundestrom wins face-off versus Nico Sturm in St.Louis Blues zone.
5:14 of 3rd period - Jordan Kyrou is hit by Mikhail Sergachev and loses puck.
5:45 of 3rd period - Minor Penalty to Jake Guentzel for High sticking.
5:46 of 3rd period - Brayden Point wins face-off versus Nico Sturm in St.Louis Blues zone.
5:50 of 3rd period - Snap shot by Jason Robertson.
5:50 of 3rd period - Stopped by Connor Hellebuyck without a rebound.
5:51 of 3rd period - Brayden Point wins face-off versus Nico Sturm in St.Louis Blues zone.
7:19 of 3rd period - Owen Tippett is hit by Jake Sanderson and loses puck.
7:45 of 3rd period - Penalty to Jake Guentzel is over, Jake Guentzel is back on ice.
8:02 of 3rd period - Snap shot by Isac Lundestrom.
8:02 of 3rd period - Shot Misses the Net.
8:57 of 3rd period - Michael Mcleod is hit by Jack Eichel and loses puck.
9:20 of 3rd period - Minor Penalty to Brad Marchand for Tripping.
9:21 of 3rd period - Robert Thomas wins face-off versus Michael Mcleod in Washington Capitals zone.
10:09 of 3rd period - David Savard is hit by Jake Guentzel and loses puck.
10:20 of 3rd period - Jack Eichel is hit by Nico Hischier and loses puck.
11:17 of 3rd period - Nick Jensen is hit by Mark Stone and loses puck.
11:20 of 3rd period - Penalty to Brad Marchand is over, Brad Marchand is back on ice.
11:58 of 3rd period - Wrist shot by Brayden Point.
11:58 of 3rd period - Stopped by Connor Hellebuyck with a rebound.
12:00 of 3rd period - Slapshot by Nick Jensen.
12:00 of 3rd period - Shot Blocked by Nick Leddy.
12:02 of 3rd period - Slapshot by Nick Jensen.
12:02 of 3rd period - Shot Blocked by Robert Thomas.
12:37 of 3rd period - Isac Lundestrom is hit by Colton Parayko.
14:28 of 3rd period - Jordan Kyrou is hit by Yanni Gourde and loses puck.
14:59 of 3rd period - Wrist shot by Jason Robertson.
14:59 of 3rd period - Shot Blocked by Jack Eichel.
15:05 of 3rd period - Snap shot by Jason Robertson.
15:05 of 3rd period - Stopped by Connor Hellebuyck with a rebound.
15:07 of 3rd period - Snap shot by Brayden Point.
15:07 of 3rd period - Stopped by Connor Hellebuyck with a rebound.
15:21 of 3rd period - Slapshot by Brad Marchand.
15:21 of 3rd period - Stopped by Connor Hellebuyck with a rebound.
16:14 of 3rd period - Off-side.
16:15 of 3rd period - Tage Thompson wins face-off versus Nico Hischier in neutral zone.
16:24 of 3rd period - Slapshot by Robert Thomas.
16:24 of 3rd period - Stopped by Jake Oettinger without a rebound.
16:25 of 3rd period - Elias Pettersson wins face-off versus Nico Hischier in Washington Capitals zone.
16:32 of 3rd period - Snap shot by Elias Pettersson.
16:32 of 3rd period - Stopped by Jake Oettinger without a rebound.
16:33 of 3rd period - Robert Thomas wins face-off versus Brayden Point in Washington Capitals zone.
16:34 of 3rd period - Slapshot by Elias Pettersson.
16:34 of 3rd period - Stopped by Jake Oettinger without a rebound.
16:35 of 3rd period - Brayden Point wins face-off versus Robert Thomas in Washington Capitals zone.
16:39 of 3rd period - Off-side.
16:40 of 3rd period - Brayden Point wins face-off versus Robert Thomas in neutral zone.
17:07 of 3rd period - Snap shot by Brayden Point.
17:07 of 3rd period - Stopped by Connor Hellebuyck without a rebound.
17:08 of 3rd period - Nico Hischier wins face-off versus Jack Eichel in St.Louis Blues zone.
17:17 of 3rd period - Snap shot by Brad Marchand.
17:17 of 3rd period - Stopped by Connor Hellebuyck with a rebound.
17:35 of 3rd period - Alex Tuch is hit by Owen Tippett and loses puck.
17:42 of 3rd period - Snap shot by Owen Tippett.
17:42 of 3rd period - Shot Misses the Net.
17:44 of 3rd period - Wrist shot by Michael Mcleod.
17:44 of 3rd period - Deflect By Owen Tippett.
17:44 of 3rd period - Stopped by Connor Hellebuyck with a rebound.
17:46 of 3rd period - Slapshot by John Carlson.
17:46 of 3rd period - Stopped by Connor Hellebuyck with a rebound.
18:19 of 3rd period - Off-side.
18:20 of 3rd period - Nico Sturm wins face-off versus Isac Lundestrom in neutral zone.
18:35 of 3rd period - Wrist shot by Dominik Kubalik.
18:35 of 3rd period - Shot Misses the Net.
18:45 of 3rd period - Snap shot by Alex Pietrangelo.
18:45 of 3rd period - Stopped by Jake Oettinger with a rebound.
18:47 of 3rd period - Slapshot by Colton Parayko.
18:47 of 3rd period - Shot Misses the Net.
18:49 of 3rd period - Snap shot by Colton Parayko.
18:49 of 3rd period - Shot Misses the Net.
18:51 of 3rd period - Wrist shot by Colton Parayko.
18:51 of 3rd period - Deflect By Robert Thomas.
18:51 of 3rd period - Stopped by Jake Oettinger with a rebound.
18:53 of 3rd period - Slapshot by Alex Pietrangelo.
18:53 of 3rd period - Stopped by Jake Oettinger with a rebound.
18:55 of 3rd period - Wrist shot by Tage Thompson.
18:55 of 3rd period - Shot Misses the Net.
18:57 of 3rd period - Snap shot by Tage Thompson.
18:57 of 3rd period - Stopped by Jake Oettinger with a rebound.
18:59 of 3rd period - Snap shot by Elias Pettersson.
18:59 of 3rd period - Stopped by Jake Oettinger with a rebound.
19:16 of 3rd period - Off-side.
19:17 of 3rd period - Brayden Point wins face-off versus Jack Eichel in neutral zone.
19:26 of 3rd period - Wrist shot by Alex Ovechkin.
19:26 of 3rd period - Shot Blocked by Mark Stone.
19:34 of 3rd period - Wrist shot by Brayden Point.
19:34 of 3rd period - Stopped by Connor Hellebuyck with a rebound.
19:44 of 3rd period - David Savard is hit by Tage Thompson.
Goals for this period are 0 for Washington Capitals vs 1 for St.Louis Blues.
Shots for this period are 13 for Washington Capitals vs 10 for St.Louis Blues.
Back to the Top